 Dungeon Crawl Stone Soup version 0.25.0-26-g0c896c7088 (webtiles) character file.

Game seed: 14115960572502946629

33 Ethylacetat the Stinger (level 3, 0/28 HPs)
             Began as a Naga Venom Mage on July 4, 2020.
             Slain by an orc
             ... wielding a +0 hand axe
              (1 damage)
             ... on level 2 of the Dungeon.
             The game lasted 00:04:09 (543 turns).

Ethylacetat the Stinger (Naga Venom Mage)            Turns: 543, Time: 00:04:09

Health: 0/28       AC:  2    Str: 17    XL:     3   Next: 29%
Magic:  1/6        EV: 10    Int: 15    God:
Gold:   36         SH:  0    Dex: 11    Spells: 5/6 levels left

rFire    . . .     SeeInvis +   i - +0 club
rCold    . . .     Gourm    .   (no shield)
rNeg     . . .     Faith    .   a - +0 robe
rPois    +         Spirit   .   (no helmet)
rElec    .         Reflect  .   (no cloak)
rCorr    .         Harm     .   (no gloves)
MR       .....                  (no barding)
Stlth    ++........             (no amulet)
HPRegen  0.09/turn              d - +6 ring of strength
MPRegen  0.10/turn              (no ring)

@: very slow
A: large, see invisible, deformed body, poison resistance, slowness 2, slow
metabolism 1, spit poison 1, AC +1
a: Spit Poison


You were on level 2 of the Dungeon.
You were not hungry.

You visited 1 branch of the dungeon, and saw 2 of its levels.

You collected 36 gold pieces.

Inventory:

Hand Weapons
 i - a +0 club (weapon)
Armour
 a - a +0 robe (worn)
Jewellery
 d - a +6 ring of strength (left hand)
Scrolls
 f - 2 scrolls of teleportation {unknown}
 g - a scroll of remove curse {unknown}
 h - a scroll of fear {unknown}
 l - a scroll of amnesia {unknown}
 m - 3 scrolls of enchant weapon {unknown}
Potions
 e - a potion of heal wounds {unknown}
 j - a potion of invisibility {unknown}
 k - a potion of mutation {unknown}
Comestibles
 b - 6 chunks of flesh
 c - 4 rations


   Skills:
 - Level 1.5 Dodging
 - Level 3.0 Stealth
 + Level 2.3 Spellcasting
 * Level 2.1 Transmutations
 * Level 4.7 Poison Magic


You had 5 spell levels left.
You knew the following spells:

 Your Spells              Type           Power        Failure   Level  Hunger
a - Sting                 Tmut/Pois      ##..         5%          1    #......

Your spell library contained the following spells:

 Spells                   Type           Power        Failure   Level  Hunger
 Poisonous Vapours        Pois/Air       #.....       12%         2    ###....
 Ignite Poison            Fire/Tmut/Pois #.......     26%         3    ###....
 Olgreb's Toxic Radiance  Pois           ###.....     30%         4    #####..
 Mephitic Cloud           Conj/Pois/Air  #.......     34%         3    ###....


Dungeon Overview and Level Annotations

Branches:
Dungeon (2/15)

Altars:


Innate Abilities, Weirdness & Mutations

You cannot wear boots.
Your serpentine skin is tough. (AC +1)
You have supernaturally acute eyesight. (SInv)
Armour fits poorly on your strangely shaped body.
Your system is resistant to poisons. (rPois)
You cover ground very slowly.
You have a slow metabolism.
You can spit poison.


Message History

Confirm with . or Enter, or press ? or * to list all spells.
Aiming: Sting (safe; 5% risk of failure)
Press: ? - help, Shift-Dir - straight line, f/p - orc
Aim: an orc, wielding a +0 dagger (heavily wounded, poisoned)
The sting hits the orc.
The orc looks even sicker.
You kill the orc!
A bat comes into view.
The orc hits you with a +0 hand axe!
* * * LOW HITPOINT WARNING * * *
The bat moves out of view.
Casting: Sting (safe; 5% risk of failure)
Confirm with . or Enter, or press ? or * to list all spells.
Aiming: Sting (safe; 5% risk of failure)
Press: ? - help, Shift-Dir - straight line, f - orc
Aim: an orc, wielding a +0 hand axe The sting hits the orc.
The orc is poisoned.
The orc is moderately wounded.
You have got your breath back.
The orc hits you with a +0 hand axe.
You die...

. ## #. ...###
### #.
......######..
..
#........##.#
.#
###......##.#
.# #####.<...#
##)#
#.###.###@o###
#.....)......#
###..##..###.#
#.....## .#
..>##..# ..
#######.# ..
#..# . #..#
#...


You could see an orc (poisoned).

Vanquished Creatures
  An ooze (D:1)
  3 dart slugs
  3 orcs (D:2)
  A giant cockroach (D:1)
  2 goblins
  2 hobgoblins (D:1)
  2 jackals (D:1)
  3 bats
  2 frilled lizards (D:1)
  A kobold (D:1)
20 creatures vanquished.

Notes
Turn   | Place    | Note
-------+----------+-------------------------------------------
     0 | D:1      | Ethylacetat the Naga Venom Mage began the quest for the
                  | Orb.
     0 | D:1      | Reached XP level 1. HP: 15/15 MP: 3/3
   152 | D:1      | Reached XP level 2. HP: 11/22 MP: 3/5
   522 | D:2      | Reached XP level 3. HP: 24/28 MP: 6/6
   542 | D:2      | HP: 1/28 [orc/+0 hand axe (7)]
   543 | D:2      | Slain by an orc

Illustrated notes

Levels and vault maps discovered:
D:1:      lemuel_arrival_broad_hall, layout_rooms, minmay_misc_feat_tiny,
          grunt_decor_resistance
D:2:      layout_rooms, minivault_11, minmay_misc_feat_five

Skill      XL: |  1  2  3 |
---------------+----------+-----
Transmutations | 2 |  2.1
Dodging        | |  1.5
Stealth        | |  3.0
Spellcasting   | |  2.3
Poison Magic   | |  4.7

Action                   || total
-------------------------++-------
Melee: Unarmed           ||    12
       Club              ||     9
 Cast: Sting             ||    14
 Abil: Spit Poison       ||    13
Armor: Robe              ||     2
Dodge: Dodged            ||    14
